 Dungeon Crawl Stone Soup version 0.27.0-1-g7a08968 (webtiles) character file.

Game seed: 1798002703699793904

2781 Illumine the Carver (level 9, -8/80 (81) HPs)
             Began as a Minotaur Fighter on Aug 29, 2021.
             Was a Believer of Cheibriados.
             Mangled by a fire dragon (9 damage)
             ... on level 8 of the Dungeon.
             The game lasted 00:14:43 (6509 turns).

Illumine the Carver (Minotaur Fighter)              Turns: 6509, Time: 00:14:44

HP:   -8/80 (81)    AC: 12    Str: 29    XL:     9   Next: 43%
MP:   5/11          EV:  7    Int: 12    God:    Cheibriados [**....]
Gold: 554           SH: 12    Dex: 16    Spells: 8/8 levels left

rFire    + + .     SeeInvis .   a - +0 long sword
rCold    + . .     Faith    .   c - +0 kite shield
rNeg     . . .     Spirit   .   u - +1 chain mail
rPois    +         Reflect  .   (helmet restricted)
rElec    .         Harm     .   q - scarf {rC+ rF+}
rCorr    .         Rampage  .   (no gloves)
Will     .....                  k - +0 pair of boots
Stlth    ..........             o - amulet of regeneration
HPRegen  1.23/turn              b - ring of poison resistance
MPRegen  0.12/turn              I - ring of protection from fire

@: mighty, about to teleport, lightly drained, very slow
A: horns 2, retaliatory headbutt
a: Renounce Religion, Bend Time


You were on level 8 of the Dungeon.
You worshipped Cheibriados.
Cheibriados was pleased with you.
You visited 2 branches of the dungeon, and saw 9 of its levels.

You collected 554 gold pieces.

Inventory:

Hand Weapons
 a - a +0 long sword (weapon)
 i - a +0 hunting sling
 L - a +0 arbalest
Missiles
 j - 19 poisoned darts (quivered)
 B - 6 javelins
 C - 16 boomerangs
Armour
 c - a +0 kite shield (worn)
 k - a +0 pair of boots (worn)
 q - a scarf of resistance (worn)
 u - a +1 chain mail (worn)
Jewellery
 b - a ring of poison resistance (left hand)
 o - an amulet of regeneration (around neck)
 I - a ring of protection from fire (right hand)
Wands
 f - a wand of mindburst (6)
 x - a wand of paralysis (8)
 H - a wand of iceblast (12)
Scrolls
 g - a scroll of enchant armour
 l - a scroll of teleportation
 n - 2 scrolls of enchant weapon {unknown}
 p - a scroll of brand weapon {unknown}
 r - a scroll of immolation {unknown}
 t - 2 scrolls of fog {unknown}
 v - a scroll of torment {unknown}
 w - a scroll of fear {unknown}
 y - a scroll of blinking {unknown}
 A - 2 scrolls of noise {unknown}
 E - 2 scrolls of identify {unknown}
 M - a scroll of summoning {unknown}
Potions
 e - a potion of ambrosia {unknown}
 h - a potion of lignification {unknown}
 m - a potion of flight {unknown}
 s - 3 potions of attraction {unknown}
 z - a potion of berserk rage {unknown}
 F - a potion of curing
 G - a potion of cancellation {unknown}
 J - a potion of haste {unknown}
 K - 4 potions of magic {unknown}


   Skills:
 + Level 7.8 Fighting
 * Level 10.0 Long Blades
 + Level 6.0 Armour
 + Level 7.7 Shields
 + Level 4.4 Invocations


You had 8 spell levels left.
You didn't know any spells.
Your spell library contained the following spells:

 Spells                   Type           Power      Damage    Failure   Level
 Beastly Appendage        Tmut           0%         N/A       99%         1
 Ensorcelled Hibernation  Hex/Ice        0%         N/A       99%         2
 Wereblood                Tmut           0%         N/A       99%         2
 Gell's Gravitas          Tloc           0%         N/A       100%        3
 Spider Form              Tmut/Pois      0%         N/A       100%        3
 Teleport Other           Tloc           0%         N/A       100%        3
 Fulminant Prism          Conj/Hex       0%         3d6       100%        4
 Iskenderun's Mystic Bla  Conj/Tloc      0%         2d3       100%        4
 Lee's Rapid Deconstruct  Erth           0%         3d5*      100%        5
 Dispersal                Tloc           0%         N/A       100%        6
 Shadow Creatures         Summ           N/A        N/A       100%        6


Dungeon Overview and Level Annotations

Branches:
Dungeon (8/15)             Temple (1/1) D:4            Lair (0/6) D:8

Altars:
Cheibriados
Fedhas
Hepliaklqana
Kikubaaqudgha
Makhleb
Okawaru
Ru
Sif Muna
Trog
Uskayaw
Vehumet
Xom
Zin
The Shining One


Innate Abilities, Weirdness & Mutations

You have a pair of horns on your head.
You reflexively headbutt those who attack you in melee.


Message History

Cheibriados rebukes the fire dragon.
The fire dragon seems to slow down.
You hit the fire dragon. You headbutt the fire dragon.
The fire dragon is lightly wounded.
You block the fire dragon's attack. The fire dragon claws you!
You block the fire dragon's attack.
You hit the fire dragon but do no damage.
You headbutt the fire dragon, but do no damage.
The fire dragon is lightly wounded.
The fire dragon bites you!
The fire dragon claws you but does no damage.
The fire dragon tramples you!
* * * LOW HITPOINT WARNING * * *
You stumble backwards!
Okay, then.
Okay, then.
Okay, then.
Okay, then.
You warp the flow of time around you!
You can no longer warp the flow of time around you.
The fire dragon is no longer moving slowly.
Okay, then.
As you read the scroll labelled WIKEITSYOS, it crumbles to dust.
It is a scroll of enchant armour.
Your +0 chain mail glows green for a moment.
The fire dragon breathes flames at you. The blast of flame hits you!
You resist.
* * * LOW HITPOINT WARNING * * *
As you read the scroll labelled QOYCLACOFO, it crumbles to dust.
You feel strangely unstable.
It was a scroll of teleportation.
The fire dragon bites you!
* * * LOW HITPOINT WARNING * * *
The fire dragon claws you but does no damage.
You block the fire dragon's attack. The fire dragon bites you.
* * * LOW HITPOINT WARNING * * *
The fire dragon claws you.
* * * LOW HITPOINT WARNING * * *
The fire dragon tramples you!
You die...

... #.# #.# #.# ##### ##### #.#
#...######## #.... #.#
#..........# #.... #.#
#..D@.§§§§. #.### #.########
#...≈≈≈≈§≈.# ###.###
.........####..≈≈≈§.≈§.####......
..)##...........§.>≈≈≈......#.###
....####.#.##..≈§≈.§§≈.####.#....
...## #.#.....≈≈≈§≈≈..# #.#....
#..# #.#.###..≈.≈§§..####.#####
#... ..#.# #.........#....# #.###
###.###..#####.##.##.#


You could see a fire dragon.

Vanquished Creatures
  Menkaure (D:5)
  Duvessa (D:5)
  A water moccasin (D:6)
  2 sky beasts
  A necrophage (D:6)
  An ogre (D:5)
  2 centaurs
  A phantom (D:6)
  A kobold brigand (D:6)
  Blork the orc (D:4)
  A bullfrog (D:7)
  3 scorpions
  Dowan (D:5)
  A water moccasin skeleton (D:5)
  2 howler monkeys (D:8)
  5 wights
  A bullfrog zombie (D:5)
  6 hounds
  3 jellies (D:5)
  2 centaur skeletons
  2 gnoll shamans
  5 iguanas
  A bullfrog skeleton (D:7)
  5 orc wizards
  Ijyb (D:5)
  A hound zombie (D:5)
  A howler monkey zombie (D:7)
  2 howler monkey skeletons (D:5)
  12 gnolls
  6 adders
  3 white imps
  3 ufetubi
  3 worms
  5 dart slugs
  16 orcs
  2 endoplasms (D:1)
  3 giant cockroaches
  5 goblins
  11 hobgoblins
  5 jackals
  2 quokkas
  7 ball pythons
  7 bats
  7 frilled lizards
  12 kobolds
  2 rats
166 creatures vanquished.

Notes
Turn   | Place    | Note
-------+----------+-------------------------------------------
     0 | D:1      | Illumine the Minotaur Fighter began the quest for the Orb.
     0 | D:1      | Reached XP level 1. HP: 19/19 MP: 0/0
   281 | D:1      | Reached skill level 3 in Long Blades
   281 | D:1      | Reached XP level 2. HP: 22/27 MP: 1/1
   864 | D:1      | Found a faded altar of an unknown god.
  1243 | D:2      | Reached XP level 3. HP: 32/33 MP: 2/2
  1724 | D:2      | Reached skill level 4 in Long Blades
  1921 | D:3      | Reached XP level 4. HP: 40/40 MP: 3/3
  2553 | D:3      | Reached XP level 5. HP: 43/47 MP: 4/4
  2564 | D:4      | Noticed Blork the orc
  2576 | D:4      | Killed Blork the orc
  2577 | D:4      | Reached skill level 5 in Long Blades
  2653 | D:5      | Entered Level 5 of the Dungeon
  2671 | D:5      | Reached skill level 5 in Fighting
  2671 | D:5      | Reached skill level 5 in Shields
  2834 | D:5      | Reached XP level 6. HP: 53/56 MP: 5/5
  3300 | D:4      | Found a staircase to the Ecumenical Temple.
  3310 | Temple   | Entered the Ecumenical Temple
  3333 | Temple   | Became a worshipper of Cheibriados the Contemplative
  3428 | D:4      | Noticed a sky beast
  3439 | D:4      | Killed a sky beast
  3440 | D:4      | Reached skill level 6 in Long Blades
  3542 | D:5      | Noticed Menkaure
  3545 | D:5      | Killed Menkaure
  3546 | D:5      | Reached skill level 1 in Invocations
  3546 | D:5      | Reached XP level 7. HP: 61/61 MP: 6/6
  3643 | D:5      | Noticed Duvessa
  3643 | D:5      | Noticed Dowan
  3668 | D:5      | Killed Duvessa
  3669 | D:5      | Reached skill level 7 in Long Blades
  3679 | D:5      | Killed Dowan
  3792 | D:5      | Reached * piety under Cheibriados
  3810 | D:5      | Reached XP level 8. HP: 66/70 MP: 8/8
  3830 | D:5      | Reached skill level 8 in Long Blades
  3926 | D:5      | Noticed Ijyb
  3944 | D:5      | Killed Ijyb
  4637 | D:6      | Reached ** piety under Cheibriados
  4845 | D:6      | You fall into a shaft and drop 1 floor!
  5022 | D:7      | Reached skill level 5 in Armour
  5034 | D:7      | Reached skill level 9 in Long Blades
  5385 | D:6      | Reached XP level 9. HP: 79/79 MP: 10/10
  6437 | D:8      | Reached *** piety under Cheibriados
  6438 | D:8      | Reached skill level 10 in Long Blades
  6489 | D:8      | Found a staircase to the Lair.
  6489 | D:8      | Noticed a fire dragon
  6508 | D:8      | HP: 4/80 [fire dragon (9)]
  6509 | D:8      | HP: 1/80 [fire dragon (4)]
  6509 | D:8      | Mangled by a fire dragon

Illustrated notes

Levels and vault maps discovered:
D:1:      minmay_arrival_nine_rooms, layout_loops_corners,
          chequers_ecumenical_altar_simple_redux, grunt_decor_mini_mirrors
D:2:      layout_basic, kennysheep_donut
D:3:      layout_basic, minmay_vboxes
D:4:      layout_basic, minmay_temple_entry_crystal_x, uniq_blork_the_orc
D:5:      layout_loops_ring, corexii_shack, hangedman_minor_gate_pass,
          uniq_ijyb, uniq_menkaure, uniq_duvessa
D:6:      layout_basic
D:7:      layout_basic
D:8:      layout_loops_corners, kennysheep_mini, minmay_lair_entry_lava,
          minmay_joined_circles
Temple:   compressed_dpeg_triangle_lava_temple

Skill      XL: |  1  2  3  4  5  6  7  8  9 |
---------------+----------------------------+-----
Long Blades    | 3 4 5 6 7 9 10 | 10.0
Fighting       | 4 5 6 7 |  7.8
Shields        | 4 5 6 7 |  7.7
Invocations    | 1 2 3 4 |  4.4
Armour         | 4 5 6 |  6.0

Action                   |  1- 3 |  4- 6 |  7- 9 || total
-------------------------+-------+-------+-------++-------
Melee: Long sword        |    69 |   143 |   288 ||   500
       Headbutt          |    12 |    19 |    81 ||   112
Throw: Dart              |       |     7 |    24 ||    31
Invok: Bend Time         |       |       |     1 ||     1
       Temporal Distorti |       |       |     1 ||     1
  Use: Potion            |       |       |     3 ||     3
       Scroll            |       |       |     2 ||     2
Armor: Scale mail        |    28 |    60 |       ||    88
       Chain mail        |       |    15 |   127 ||   142
Dodge: Dodged            |    17 |    29 |    63 ||   109
Block: Kite shield       |    27 |    74 |   173 ||   274
       Rpst.: Long sword |     7 |    10 |    15 ||    32
